Maple Leafs vs Capitals
Created - March 4, 2024 at 19:29
Goals
|
| Maple Leafs |
1 |
1 |
1 |
3 |
| Capitals |
1 |
1 |
0 |
2 |
|
Shots
|
| Maple Leafs |
6 |
18 |
10 |
34 |
| Capitals |
14 |
9 |
10 |
33 |
|
1st period
1. Maple Leafs , John Klingberg 7 (Zach Werenski 28) at 16:21
2. Capitals , Jujhar Khaira 8 (Brandon Burlon 9, Sergey Kalinin 8) at 18:41 (SH)
Penalties :
Luke Schenn (TOR) for Hooking (Minor) at 6:37, Mike Green (Was) for High sticking (Minor) at 17:08, Aleksander Barkov (TOR) for Holding (Minor) at 18:44
2nd period
3. Capitals , Patrick Kane 34 (Taylor Hall 42, Nicklas Backstrom 41) at 14:52
4. Maple Leafs , Haydn Fleury 2 (Evander Kane 30, Ben Smith 24) at 17:08 (PP)
Penalties :
Mike Green (Was) for Interference (Minor) at 6:26, Patrick Kane (Was) for Tripping (Minor) at 15:55, Andre Burakovsky (TOR) for Hooking (Minor) at 18:31
3rd period
5. Maple Leafs , Nicholas Baptiste 5 (Luke Schenn 13) at 9:19
Penalties :
Tye McGinn (TOR) for Hooking (Minor) at 2:39, Bobby Ryan (Was) for Hooking (Minor) at 3:55, Joe Colborne (Was) for Hooking (Minor) at 6:32, Patrick Kane (Was) for Interference (Minor) at 11:59
Goalie Stats
Pavel Francouz (TOR), 31 saves from 33 shots - (0.939), W, 7-7-3, 60:00 minutes
Cory Schneider (Was), 31 saves from 34 shots - (0.912), L, 30-17-3, 58:45 minutes
Players Stats for Maple Leafs
Player Name G A P +/- PIM S H SB GA TA FO MP PP MP PK MP
------------------------------------------------------------------------------------
Aleksander Barkov 0 0 0 0 2 3 2 1 0 0 4/7 18:46 5:29 1:24
Andre Burakovsky 0 0 0 -1 2 1 2 0 0 0 2/2 17:53 5:18 0:00
Ben Smith 0 1 1 -1 0 1 2 1 0 0 0/1 16:05 4:32 0:00
Bo Horvat 0 0 0 -2 0 0 0 1 1 0 17/36 21:40 4:31 3:59
Brandon Saad 0 0 0 2 0 1 2 0 0 1 0/0 9:22 0:24 0:50
Brenden Dillon 0 0 0 -1 0 1 1 1 0 0 0/0 14:54 0:26 0:49
Elias Pettersson 0 0 0 0 0 4 0 0 0 0 3/7 11:17 0:01 0:46
Evander Kane 0 1 1 -2 0 7 2 0 1 0 0/2 21:54 4:31 4:10
Haydn Fleury 1 0 1 0 0 3 2 2 0 0 0/0 24:22 5:11 3:02
Jason Zucker 0 0 0 0 0 2 0 1 0 0 0/1 20:03 5:30 2:31
John Klingberg 1 0 1 1 0 2 3 2 1 3 0/0 33:25 4:45 5:25
Jon Merrill 0 0 0 0 0 0 0 1 0 0 0/0 1:05 0:00 0:00
Luke Schenn 0 1 1 0 2 0 6 2 0 2 0/0 22:20 4:54 2:59
Nicholas Baptiste 1 0 1 2 0 3 0 0 0 0 0/0 7:34 0:00 0:00
Patrice Cormier 0 0 0 2 0 2 0 0 0 1 0/4 7:34 0:00 0:00
Pontus Aberg 0 0 0 0 0 0 2 0 0 0 0/2 9:56 0:00 0:00
Tye McGinn 0 0 0 0 2 3 1 0 0 0 0/0 10:07 0:12 0:00
Zach Werenski 0 1 1 0 0 1 1 3 1 2 0/0 23:43 4:25 1:25
Players Stats for Capitals
Player Name G A P +/- PIM S H SB GA TA FO MP PP MP PK MP
------------------------------------------------------------------------------------
Alexei Marchenko 0 0 0 -1 0 0 1 1 0 1 0/0 22:09 2:37 5:28
Blake Pietila 0 0 0 0 0 5 0 1 0 0 0/0 17:01 3:11 2:57
Bobby Ryan 0 0 0 0 2 2 0 0 0 0 0/1 13:57 3:10 0:00
Brandon Burlon 0 1 1 0 0 0 0 0 0 0 0/0 17:11 2:31 2:42
Brandon Gormley 0 0 0 2 0 0 1 1 1 0 0/0 28:30 4:19 4:10
Cody Hodgson 0 0 0 0 0 5 4 0 0 0 8/9 17:36 3:11 3:07
Jeff Skinner 0 0 0 -1 0 2 0 0 0 0 0/0 6:36 0:00 1:25
Joe Colborne 0 0 0 1 2 3 0 1 1 0 4/5 12:48 0:00 1:31
Jujhar Khaira 1 0 1 1 0 3 0 0 4 0 0/0 13:10 0:00 2:13
Martin Marincin 0 0 0 -1 0 2 1 1 0 1 0/0 14:16 0:00 5:19
Mike Green 0 0 0 1 4 5 3 1 0 1 0/0 28:05 4:21 2:25
Nicklas Backstrom 0 1 1 0 0 1 2 0 1 0 15/27 18:11 3:31 0:11
Patrick Kane 1 0 1 0 4 2 2 0 0 0 2/5 23:12 3:39 3:27
Phil Kessel 0 0 0 -1 0 0 0 0 0 0 0/0 5:11 0:00 0:00
Sergey Kalinin 0 1 1 -1 0 0 1 0 0 0 4/10 10:36 0:00 5:13
Shea Theodore 0 0 0 -1 0 0 0 0 0 0 0/0 10:00 0:00 0:00
Steve Downie 0 0 0 0 0 1 1 0 0 0 1/1 10:57 0:00 0:00
Taylor Hall 0 1 1 0 0 2 0 0 2 1 2/4 19:20 3:39 0:00
3 Stars
1 - John Klingberg (TOR)
2 - Nicholas Baptiste (TOR)
3 - Haydn Fleury (TOR)
Power Play
Maple Leafs - 1 on 6 Attempt(s) - 16.67%
Capitals - 0 on 4 Attempt(s) - 0.00%
Penalty Kill
Maple Leafs - 4 on 4 Attempt(s) - 100.00%
- Score 0 goal in Penalty Kill
Capitals - 5 on 6 Attempt(s) - 83.33%
- Score 1 goal in Penalty Kill
Team Stat
Maple Leafs - Hits : 26 - Faceoff Wins : 26 - Blocked Shots : 15 - Penalty Minutes : 8
Capitals - Hits : 16 - Faceoff Wins : 36 - Blocked Shots : 6 - Penalty Minutes : 12
Official
Referees : Dan Kelly and Ghislain Hebert
Linesman : Ryan Galloway and Brandon Gawryletz
Game Notes
Jon Merrill is injured at 3:38 of 1st period (Torso)
Finance
Level 1 -- Attendance: 6000 (100.00%) -- Ticket Income $600,000
Level 2 -- Attendance: 5000 (100.00%) -- Ticket Income $300,000
Level 3 -- Attendance: 2000 (100.00%) -- Ticket Income $70,000
Level 4 -- Attendance: 4000 (100.00%) -- Ticket Income $100,000
Luxury Box -- Attendance: 1000 (100.00%) -- Ticket Income $200,000
Game was played at the Capital One Arena.
Total Attendance: 18000 (100.00%)
Total Ticket Income: $1,270,000
Other Income: $190,500
Total Income: $1,460,500
Maple Leafs
5 vs 5 Forward
Center Left Wing Right Wing Time % Phy DF OF
1 Bo Horvat Evander Kane Andre Burakovsky 40 1 1 3
2 Aleksander Barkov Jason Zucker Ben Smith 30 1 2 2
3 Elias Pettersson Tye McGinn Pontus Aberg 20 1 2 2
4 Patrice Cormier Brandon Saad Nicholas Baptiste 10 1 2 2
5 vs 5 Defense
Defense Defense Time % Phy DF OF
1 Zach Werenski John Klingberg 40 1 3 1
2 Jon Merrill Luke Schenn 30 1 3 1
3 Haydn Fleury Brenden Dillon 20 1 3 1
4 Jon Merrill John Klingberg 10 1 3 1
PowerPlay Forward
Center Left Wing Right Wing Time % Phy DF OF
1 Bo Horvat Evander Kane Ben Smith 60 0 1 4
2 Aleksander Barkov Jason Zucker Andre Burakovsky 40 0 1 4
PowerPlay Defense
Defense Defense Time % Phy DF OF
1 Zach Werenski John Klingberg 60 0 2 3
2 Jon Merrill Luke Schenn 40 0 2 3
Penalty Kill 4 Players Forward
Center Wing Time % Phy DF OF
1 Bo Horvat Evander Kane 60 1 3 1
2 Aleksander Barkov Jason Zucker 40 1 3 1
Penalty Kill 4 Players Defense
Defense Defense Time % Phy DF OF
1 Jon Merrill John Klingberg 60 1 4 0
2 Zach Werenski Luke Schenn 40 1 4 0
Penalty Kill - 3 Players Forward
Forward Time % Phy DF OF
1 Bo Horvat 60 1 3 1
2 Aleksander Barkov 40 1 3 1
Penalty Kill - 3 Players Defense
Defense Defense Time % Phy DF OF
1 Jon Merrill John Klingberg 60 1 4 0
2 Zach Werenski Luke Schenn 40 1 4 0
4 vs 4 Forward
Center Wing Time % Phy DF OF
1 Bo Horvat Evander Kane 60 1 2 2
2 Aleksander Barkov Jason Zucker 40 1 2 2
4 vs 4 Defense
Defense Defense Time % Phy DF OF
1 Jon Merrill John Klingberg 60 1 3 1
2 Zach Werenski Luke Schenn 40 1 3 1
Last Minutes Offensive
Center Left Wing Right Wing Defense Defense
Bo Horvat Evander Kane Ben Smith Jon Merrill John Klingberg
Last Minutes Defensive
Center Left Wing Right Wing Defense Defense
Bo Horvat Evander Kane Ben Smith Jon Merrill John Klingberg
Goaltenders
Starting : Pavel Francouz
Backup : Kristers Gudlevskis
Extra Forwards
Normal : Jason Zucker, Aleksander Barkov, Tye McGinn - PP : Jason Zucker, Aleksander Barkov - PK : Jason Zucker
Extra Defensemen
Normal : Luke Schenn, Haydn Fleury, Brenden Dillon - PP : Luke Schenn - PK : Luke Schenn, Haydn Fleury
Penalty Shots
Evander Kane, Ben Smith, Bo Horvat, Andre Burakovsky, Jason Zucker
Custom OT Lines Forwards
Evander Kane, Ben Smith, Bo Horvat, Andre Burakovsky, Jason Zucker, Aleksander Barkov, Tye McGinn, Pontus Aberg, Brandon Saad, Patrice Cormier
Custom OT Lines Defensemen
Jon Merrill, John Klingberg, Zach Werenski, Luke Schenn, Haydn Fleury
Scratches
Brett Pesce (Healthy), Valentin Zykov (Healthy)
Capitals
5 vs 5 Forward
Center Left Wing Right Wing Time % Phy DF OF
1 Nicklas Backstrom Taylor Hall Patrick Kane 40 0 1 4
2 Cody Hodgson Blake Pietila Bobby Ryan 30 0 1 4
3 Joe Colborne Jujhar Khaira Steve Downie 20 0 2 3
4 Sergey Kalinin Jeff Skinner Phil Kessel 10 0 2 3
5 vs 5 Defense
Defense Defense Time % Phy DF OF
1 Brandon Gormley Mike Green 40 0 2 3
2 Alexei Marchenko Brandon Burlon 30 0 3 2
3 Shea Theodore Martin Marincin 20 0 3 2
4 Brandon Gormley Mike Green 10 0 3 2
PowerPlay Forward
Center Left Wing Right Wing Time % Phy DF OF
1 Nicklas Backstrom Taylor Hall Patrick Kane 60 0 0 5
2 Cody Hodgson Blake Pietila Bobby Ryan 40 0 0 5
PowerPlay Defense
Defense Defense Time % Phy DF OF
1 Brandon Gormley Mike Green 60 0 2 3
2 Alexei Marchenko Brandon Burlon 40 0 2 3
Penalty Kill 4 Players Forward
Center Wing Time % Phy DF OF
1 Sergey Kalinin Patrick Kane 60 0 3 2
2 Joe Colborne Jujhar Khaira 40 0 3 2
Penalty Kill 4 Players Defense
Defense Defense Time % Phy DF OF
1 Martin Marincin Mike Green 60 0 4 1
2 Alexei Marchenko Brandon Gormley 40 0 4 1
Penalty Kill - 3 Players Forward
Forward Time % Phy DF OF
1 Taylor Hall 60 0 5 0
2 Patrick Kane 40 0 5 0
Penalty Kill - 3 Players Defense
Defense Defense Time % Phy DF OF
1 Martin Marincin Mike Green 60 0 5 0
2 Brandon Gormley Alexei Marchenko 40 0 5 0
4 vs 4 Forward
Center Wing Time % Phy DF OF
1 Taylor Hall Patrick Kane 60 0 1 4
2 Nicklas Backstrom Bobby Ryan 40 0 1 4
4 vs 4 Defense
Defense Defense Time % Phy DF OF
1 Brandon Gormley Mike Green 60 0 2 3
2 Alexei Marchenko Brandon Burlon 40 0 3 2
Last Minutes Offensive
Center Left Wing Right Wing Defense Defense
Nicklas Backstrom Taylor Hall Patrick Kane Shea Theodore Mike Green
Last Minutes Defensive
Center Left Wing Right Wing Defense Defense
Nicklas Backstrom Taylor Hall Patrick Kane Martin Marincin Mike Green
Goaltenders
Starting : Cory Schneider
Backup : Chet Pickard
Extra Forwards
Normal : Patrick Kane, Taylor Hall, Nicklas Backstrom - PP : Patrick Kane, Taylor Hall - PK : Patrick Kane
Extra Defensemen
Normal : Mike Green, Brandon Gormley, Alexei Marchenko - PP : Mike Green - PK : Mike Green, Martin Marincin
Penalty Shots
Taylor Hall, Patrick Kane, Nicklas Backstrom, Bobby Ryan, Cody Hodgson
Custom OT Lines Forwards
Taylor Hall, Patrick Kane, Nicklas Backstrom, Bobby Ryan, Cody Hodgson, Blake Pietila, Jujhar Khaira, Steve Downie, Jeff Skinner, Phil Kessel
Custom OT Lines Defensemen
Brandon Gormley, Mike Green, Alexei Marchenko, Brandon Burlon, Shea Theodore
Scratches
None
% Time on Ice - Maple Leafs
Lines # - Real PCT - Wanted PCT - Time Play
Normal Forward
1 - 28% - 40% - 11:37
2 - 29% - 30% - 11:51
3 - 24% - 20% - 9:56
4 - 18% - 10% - 7:34
Normal Defense
1 - 42% - 40% - 17:14
2 - 29% - 30% - 11:49
3 - 16% - 20% - 6:27
4 - 13% - 10% - 5:28
PP Forward
1 - 47% - 60% - 4:44
2 - 53% - 40% - 5:18
PP Defense
1 - 51% - 60% - 5:08
2 - 49% - 40% - 4:54
PK Forward
1 - 73% - 60% - 5:00
2 - 27% - 40% - 1:50
PK Defense
1 - 86% - 60% - 5:54
2 - 14% - 40% - 0:56
PK3 Forward
1 - 0% - 60%
2 - 0% - 40%
PK3 Defense
1 - 0% - 60%
2 - 0% - 40%
44 Forward
1 - 100% - 60% - 1:06
2 - 0% - 40% - 0:00
44 Defense
1 - 38% - 60% - 0:25
2 - 62% - 40% - 0:41
Last Minute Offensive - 0:00
Last Minute Defensive - 1:04
Total
Forward - 60:00
Defense - 60:00
|
% Time on Ice - Capitals
Lines # - Real PCT - Wanted PCT - Time Play
Normal Forward
1 - 37% - 40% - 15:18
2 - 23% - 30% - 9:29
3 - 27% - 20% - 10:57
4 - 13% - 10% - 5:11
Normal Defense
1 - 45% - 40% - 18:19
2 - 30% - 30% - 12:12
3 - 22% - 20% - 8:56
4 - 4% - 10% - 1:28
PP Forward
1 - 53% - 60% - 3:39
2 - 47% - 40% - 3:11
PP Defense
1 - 69% - 60% - 4:42
2 - 31% - 40% - 2:08
PK Forward
1 - 79% - 60% - 7:54
2 - 21% - 40% - 2:08
PK Defense
1 - 76% - 60% - 7:38
2 - 24% - 40% - 2:24
PK3 Forward
1 - 0% - 60%
2 - 0% - 40%
PK3 Defense
1 - 0% - 60%
2 - 0% - 40%
44 Forward
1 - 92% - 60% - 1:01
2 - 8% - 40% - 0:05
44 Defense
1 - 88% - 60% - 0:58
2 - 12% - 40% - 0:08
Last Minute Offensive - 1:07
Last Minute Defensive - 0:00
Total
Forward - 60:00
Defense - 60:00
|
Play-by-Play
1st period
0:01 of 1st period - Nicklas Backstrom wins face-off versus Bo Horvat in neutral zone.
0:04 of 1st period - John Klingberg is hit by Nicklas Backstrom and loses puck.
1:07 of 1st period - Snap shot by Blake Pietila.
1:07 of 1st period - Stopped by Pavel Francouz without a rebound.
1:08 of 1st period - Joe Colborne wins face-off versus Patrice Cormier in Maple Leafs zone.
1:13 of 1st period - Snap shot by Joe Colborne.
1:13 of 1st period - Stopped by Pavel Francouz with a rebound.
2:03 of 1st period - Slapshot by Blake Pietila.
2:03 of 1st period - Deflect By Cody Hodgson.
2:03 of 1st period - Stopped by Pavel Francouz without a rebound.
2:04 of 1st period - Elias Pettersson wins face-off versus Bobby Ryan in Maple Leafs zone.
2:53 of 1st period - Slapshot by Aleksander Barkov.
2:53 of 1st period - Shot Misses the Net.
3:38 of 1st period - Wrist shot by Cody Hodgson.
3:38 of 1st period - Shot Blocked by Jon Merrill.
3:38 of 1st period - Jon Merrill from Maple Leafs is injured at 3:38 of 1st period (Torso).
3:39 of 1st period - Nicklas Backstrom wins face-off versus Bo Horvat in Maple Leafs zone.
5:07 of 1st period - Wrist shot by Patrick Kane.
5:07 of 1st period - Shot Misses the Net.
5:32 of 1st period - Slapshot by Mike Green.
5:32 of 1st period - Stopped by Pavel Francouz with a rebound.
6:30 of 1st period - Wrist shot by Taylor Hall.
6:30 of 1st period - Stopped by Pavel Francouz with a rebound.
6:32 of 1st period - Snap shot by Taylor Hall.
6:32 of 1st period - Shot Misses the Net.
6:34 of 1st period - Wrist shot by Nicklas Backstrom.
6:34 of 1st period - Deflect By Taylor Hall.
6:34 of 1st period - Shot Blocked by Haydn Fleury.
6:34 of 1st period - Puck is out of play.
6:35 of 1st period - Andre Burakovsky wins face-off versus Nicklas Backstrom in Maple Leafs zone.
6:37 of 1st period - Minor Penalty to Luke Schenn for Hooking.
6:38 of 1st period - Bo Horvat wins face-off versus Nicklas Backstrom in Maple Leafs zone.
6:44 of 1st period - Backhand shot by Evander Kane.
6:44 of 1st period - Stopped by Cory Schneider with a rebound.
8:25 of 1st period - Cody Hodgson is hit by Aleksander Barkov and loses puck.
8:37 of 1st period - Penalty to Luke Schenn is over, Luke Schenn is back on ice.
8:42 of 1st period - Slapshot by Jujhar Khaira.
8:42 of 1st period - Stopped by Pavel Francouz with a rebound.
8:44 of 1st period - Snap shot by Joe Colborne.
8:44 of 1st period - Shot Misses the Net.
8:46 of 1st period - Snap shot by Joe Colborne.
8:46 of 1st period - Stopped by Pavel Francouz with a rebound.
8:48 of 1st period - Snap shot by Steve Downie.
8:48 of 1st period - Shot Blocked by Zach Werenski.
8:50 of 1st period - Backhand shot by Martin Marincin.
8:50 of 1st period - Shot Misses the Net.
8:52 of 1st period - Wrist shot by Jujhar Khaira.
8:52 of 1st period - Deflect By Joe Colborne.
8:52 of 1st period - Stopped by Pavel Francouz with a rebound.
8:54 of 1st period - Slapshot by Martin Marincin.
8:54 of 1st period - Stopped by Pavel Francouz without a rebound.
8:55 of 1st period - Aleksander Barkov wins face-off versus Sergey Kalinin in Maple Leafs zone.
9:08 of 1st period - Snap shot by Jeff Skinner.
9:08 of 1st period - Deflect By Phil Kessel.
9:08 of 1st period - Shot Misses the Net.
9:08 of 1st period - Puck is out of play.
9:09 of 1st period - Bo Horvat wins face-off versus Nicklas Backstrom in Maple Leafs zone.
9:36 of 1st period - Bobby Ryan is hit by Ben Smith and loses puck.
11:13 of 1st period - Wrist shot by Aleksander Barkov.
11:13 of 1st period - Stopped by Cory Schneider with a rebound.
11:49 of 1st period - Off-side.
11:50 of 1st period - Nicklas Backstrom wins face-off versus Bo Horvat in neutral zone.
11:53 of 1st period - Wrist shot by Patrick Kane.
11:53 of 1st period - Stopped by Pavel Francouz with a rebound.
13:01 of 1st period - Haydn Fleury is hit by Sergey Kalinin.
13:07 of 1st period - Slapshot by Jeff Skinner.
13:07 of 1st period - Stopped by Pavel Francouz without a rebound.
13:08 of 1st period - Bo Horvat wins face-off versus Sergey Kalinin in Maple Leafs zone.
14:39 of 1st period - Wrist shot by Aleksander Barkov.
14:39 of 1st period - Stopped by Cory Schneider without a rebound.
14:40 of 1st period - Aleksander Barkov wins face-off versus Nicklas Backstrom in Capitals zone.
14:41 of 1st period - Wrist shot by Ben Smith.
14:41 of 1st period - Shot Blocked by Mike Green.
14:43 of 1st period - Snap shot by Brenden Dillon.
14:43 of 1st period - Stopped by Cory Schneider without a rebound.
14:44 of 1st period - Bo Horvat wins face-off versus Nicklas Backstrom in Capitals zone.
15:20 of 1st period - Snap shot by Brandon Gormley.
15:20 of 1st period - Deflect By Cody Hodgson.
15:20 of 1st period - Stopped by Pavel Francouz with a rebound.
15:22 of 1st period - Wrist shot by Blake Pietila.
15:22 of 1st period - Stopped by Pavel Francouz with a rebound.
15:36 of 1st period - Slapshot by Tye McGinn.
15:36 of 1st period - Stopped by Cory Schneider with a rebound.
16:21 of 1st period - Slapshot by John Klingberg.
16:21 of 1st period - Goal by John Klingberg - Maple Leafs : 1 - Capitals : 0.
16:22 of 1st period - Patrick Kane wins face-off versus Evander Kane in neutral zone.
16:27 of 1st period - Slapshot by Taylor Hall.
16:27 of 1st period - Shot Blocked by John Klingberg.
16:49 of 1st period - Bobby Ryan is hit by Zach Werenski and loses puck.
17:00 of 1st period - Snap shot by Aleksander Barkov.
17:00 of 1st period - Shot Misses the Net.
17:02 of 1st period - Snap shot by Aleksander Barkov.
17:02 of 1st period - Shot Blocked by Brandon Gormley.
17:08 of 1st period - Minor Penalty to Mike Green for High sticking.
17:09 of 1st period - Bo Horvat wins face-off versus Sergey Kalinin in Capitals zone.
17:36 of 1st period - Sergey Kalinin is hit by John Klingberg and loses puck.
18:41 of 1st period - Wrist shot by Jujhar Khaira.
18:41 of 1st period - Goal by Jujhar Khaira - Maple Leafs : 1 - Capitals : 1.
18:42 of 1st period - Andre Burakovsky wins face-off versus Sergey Kalinin in neutral zone.
18:44 of 1st period - Minor Penalty to Aleksander Barkov for Holding.
18:45 of 1st period - Taylor Hall wins face-off versus Bo Horvat in Maple Leafs zone.
18:59 of 1st period - Snap shot by Patrick Kane.
18:59 of 1st period - Shot Misses the Net.
19:08 of 1st period - Penalty to Mike Green is over, Mike Green is back on ice.
19:47 of 1st period - Evander Kane is hit by Nicklas Backstrom and loses puck.
Goals for this period are 1 for Maple Leafs vs 1 for Capitals.
Shots for this period are 6 for Maple Leafs vs 14 for Capitals.
2nd period
0:01 of 2nd period - Bo Horvat wins face-off versus Nicklas Backstrom in neutral zone.
0:44 of 2nd period - Penalty to Aleksander Barkov is over, Aleksander Barkov is back on ice.
0:52 of 2nd period - Joe Colborne is hit by Luke Schenn and loses puck.
1:01 of 2nd period - Slapshot by Nicholas Baptiste.
1:01 of 2nd period - Stopped by Cory Schneider with a rebound.
1:03 of 2nd period - Snap shot by Luke Schenn.
1:03 of 2nd period - Shot Misses the Net.
1:05 of 2nd period - Wrist shot by Patrice Cormier.
1:05 of 2nd period - Stopped by Cory Schneider without a rebound.
1:06 of 2nd period - Nicklas Backstrom wins face-off versus Ben Smith in Capitals zone.
1:33 of 2nd period - Brandon Burlon is hit by Haydn Fleury and loses puck.
2:02 of 2nd period - Slapshot by Steve Downie.
2:02 of 2nd period - Deflect By Jujhar Khaira.
2:02 of 2nd period - Shot Misses the Net.
2:02 of 2nd period - Puck is out of play.
2:03 of 2nd period - Joe Colborne wins face-off versus Elias Pettersson in Maple Leafs zone.
2:10 of 2nd period - Mike Green is hit by Pontus Aberg and loses puck.
2:15 of 2nd period - Snap shot by Elias Pettersson.
2:15 of 2nd period - Stopped by Cory Schneider without a rebound.
2:16 of 2nd period - Bo Horvat wins face-off versus Patrick Kane in Capitals zone.
2:42 of 2nd period - Zach Werenski is hit by Cody Hodgson and loses puck.
3:32 of 2nd period - Off-side.
3:33 of 2nd period - Joe Colborne wins face-off versus Bo Horvat in neutral zone.
3:40 of 2nd period - Snap shot by Steve Downie.
3:40 of 2nd period - Stopped by Pavel Francouz without a rebound.
3:41 of 2nd period - Nicklas Backstrom wins face-off versus Bo Horvat in Maple Leafs zone.
3:48 of 2nd period - Wrist shot by Patrick Kane.
3:48 of 2nd period - Shot Misses the Net.
3:50 of 2nd period - Snap shot by Patrick Kane.
3:50 of 2nd period - Shot Misses the Net.
4:12 of 2nd period - Wrist shot by Elias Pettersson.
4:12 of 2nd period - Stopped by Cory Schneider without a rebound.
4:13 of 2nd period - Steve Downie wins face-off versus Elias Pettersson in Capitals zone.
4:13 of 2nd period - Steve Downie is hit by Luke Schenn.
4:39 of 2nd period - Elias Pettersson is hit by Steve Downie and loses puck.
4:48 of 2nd period - Slapshot by Pontus Aberg.
4:48 of 2nd period - Shot Misses the Net.
4:50 of 2nd period - Slapshot by Haydn Fleury.
4:50 of 2nd period - Stopped by Cory Schneider without a rebound.
4:51 of 2nd period - Nicklas Backstrom wins face-off versus Bo Horvat in Capitals zone.
4:51 of 2nd period - Nicklas Backstrom is hit by Evander Kane.
5:17 of 2nd period - Bobby Ryan is hit by Ben Smith and loses puck.
5:28 of 2nd period - Wrist shot by Ben Smith.
5:28 of 2nd period - Stopped by Cory Schneider without a rebound.
5:29 of 2nd period - Nicklas Backstrom wins face-off versus Bo Horvat in Capitals zone.
5:55 of 2nd period - Haydn Fleury is hit by Cody Hodgson and loses puck.
6:02 of 2nd period - Slapshot by Zach Werenski.
6:02 of 2nd period - Deflect By Alexei Marchenko.
6:02 of 2nd period - Stopped by Cory Schneider without a rebound.
6:03 of 2nd period - Cody Hodgson wins face-off versus Bo Horvat in Capitals zone.
6:26 of 2nd period - Minor Penalty to Mike Green for Interference.
6:27 of 2nd period - Bo Horvat wins face-off versus Sergey Kalinin in Capitals zone.
7:33 of 2nd period - Andre Burakovsky is hit by Martin Marincin and loses puck.
8:08 of 2nd period - Patrick Kane is hit by Luke Schenn and loses puck.
8:26 of 2nd period - Penalty to Mike Green is over, Mike Green is back on ice.
8:29 of 2nd period - Cody Hodgson is hit by Haydn Fleury and loses puck.
8:50 of 2nd period - Taylor Hall is hit by Aleksander Barkov and loses puck.
9:01 of 2nd period - Slapshot by Andre Burakovsky.
9:01 of 2nd period - Shot Misses the Net.
9:07 of 2nd period - Snap shot by Andre Burakovsky.
9:07 of 2nd period - Stopped by Cory Schneider without a rebound.
9:08 of 2nd period - Elias Pettersson wins face-off versus Joe Colborne in Capitals zone.
9:11 of 2nd period - Snap shot by Elias Pettersson.
9:11 of 2nd period - Stopped by Cory Schneider with a rebound.
9:21 of 2nd period - Wrist shot by Elias Pettersson.
9:21 of 2nd period - Shot Blocked by Joe Colborne.
9:23 of 2nd period - Wrist shot by Elias Pettersson.
9:23 of 2nd period - Stopped by Cory Schneider without a rebound.
9:24 of 2nd period - Sergey Kalinin wins face-off versus Patrice Cormier in Capitals zone.
9:39 of 2nd period - Wrist shot by Jeff Skinner.
9:39 of 2nd period - Stopped by Pavel Francouz with a rebound.
10:48 of 2nd period - Bo Horvat is hit by Brandon Gormley and loses puck.
11:15 of 2nd period - Snap shot by Cody Hodgson.
11:15 of 2nd period - Stopped by Pavel Francouz with a rebound.
11:41 of 2nd period - Snap shot by Nicklas Backstrom.
11:41 of 2nd period - Stopped by Pavel Francouz without a rebound.
11:42 of 2nd period - Joe Colborne wins face-off versus Patrice Cormier in Maple Leafs zone.
12:08 of 2nd period - Joe Colborne is hit by Brandon Saad.
12:54 of 2nd period - Snap shot by Martin Marincin.
12:54 of 2nd period - Stopped by Pavel Francouz with a rebound.
12:56 of 2nd period - Wrist shot by Steve Downie.
12:56 of 2nd period - Shot Misses the Net.
13:02 of 2nd period - Wrist shot by Steve Downie.
13:02 of 2nd period - Shot Misses the Net.
13:04 of 2nd period - Slapshot by Brandon Gormley.
13:04 of 2nd period - Shot Misses the Net.
13:06 of 2nd period - Slapshot by Mike Green.
13:06 of 2nd period - Shot Misses the Net.
13:08 of 2nd period - Wrist shot by Joe Colborne.
13:08 of 2nd period - Shot Misses the Net.
13:48 of 2nd period - Slapshot by Jujhar Khaira.
13:48 of 2nd period - Shot Blocked by Zach Werenski.
13:58 of 2nd period - Slapshot by Zach Werenski.
13:58 of 2nd period - Shot Misses the Net.
14:04 of 2nd period - Snap shot by Nicholas Baptiste.
14:04 of 2nd period - Shot Misses the Net.
14:06 of 2nd period - Snap shot by Brandon Saad.
14:06 of 2nd period - Shot Misses the Net.
14:12 of 2nd period - Snap shot by Patrice Cormier.
14:12 of 2nd period - Stopped by Cory Schneider with a rebound.
14:14 of 2nd period - Wrist shot by Nicholas Baptiste.
14:14 of 2nd period - Stopped by Cory Schneider without a rebound.
14:15 of 2nd period - Taylor Hall wins face-off versus Bo Horvat in Capitals zone.
14:22 of 2nd period - Snap shot by Patrick Kane.
14:22 of 2nd period - Shot Misses the Net.
14:24 of 2nd period - Slapshot by Mike Green.
14:24 of 2nd period - Deflect By Evander Kane.
14:24 of 2nd period - Stopped by Pavel Francouz with a rebound.
14:26 of 2nd period - Slapshot by Mike Green.
14:26 of 2nd period - Stopped by Pavel Francouz without a rebound.
14:27 of 2nd period - Bo Horvat wins face-off versus Patrick Kane in Maple Leafs zone.
14:34 of 2nd period - Slapshot by Evander Kane.
14:34 of 2nd period - Stopped by Cory Schneider without a rebound.
14:35 of 2nd period - Nicklas Backstrom wins face-off versus Bo Horvat in Capitals zone.
14:50 of 2nd period - Snap shot by Patrick Kane.
14:50 of 2nd period - Shot Blocked by Haydn Fleury.
14:52 of 2nd period - Snap shot by Patrick Kane.
14:52 of 2nd period - Goal by Patrick Kane - Maple Leafs : 1 - Capitals : 2.
14:53 of 2nd period - Bo Horvat wins face-off versus Nicklas Backstrom in neutral zone.
15:00 of 2nd period - Snap shot by Evander Kane.
15:00 of 2nd period - Stopped by Cory Schneider without a rebound.
15:01 of 2nd period - Nicklas Backstrom wins face-off versus Bo Horvat in Capitals zone.
15:06 of 2nd period - Wrist shot by Evander Kane.
15:06 of 2nd period - Stopped by Cory Schneider with a rebound.
15:20 of 2nd period - Brenden Dillon is hit by Mike Green and loses puck.
15:26 of 2nd period - Off-side.
15:27 of 2nd period - Cody Hodgson wins face-off versus Jason Zucker in neutral zone.
15:36 of 2nd period - Wrist shot by Blake Pietila.
15:36 of 2nd period - Stopped by Pavel Francouz with a rebound.
15:39 of 2nd period - Icing by John Klingberg.
15:40 of 2nd period - Nicklas Backstrom wins face-off versus Aleksander Barkov in Maple Leafs zone.
15:44 of 2nd period - Icing by John Klingberg.
15:45 of 2nd period - Nicklas Backstrom wins face-off versus Aleksander Barkov in Maple Leafs zone.
15:55 of 2nd period - Minor Penalty to Patrick Kane for Tripping.
15:56 of 2nd period - Sergey Kalinin wins face-off versus Bo Horvat in Capitals zone.
16:06 of 2nd period - Wrist shot by Zach Werenski.
16:06 of 2nd period - Shot Blocked by Blake Pietila.
16:50 of 2nd period - Off-side.
16:51 of 2nd period - Cody Hodgson wins face-off versus Bo Horvat in neutral zone.
16:56 of 2nd period - Slapshot by Alexei Marchenko.
16:56 of 2nd period - Shot Blocked by Luke Schenn.
17:04 of 2nd period - Snap shot by Ben Smith.
17:04 of 2nd period - Shot Blocked by Alexei Marchenko.
17:06 of 2nd period - Snap shot by Evander Kane.
17:06 of 2nd period - Shot Misses the Net.
17:08 of 2nd period - Slapshot by Haydn Fleury.
17:08 of 2nd period - Goal by Haydn Fleury - Maple Leafs : 2 - Capitals : 2.
17:09 of 2nd period - Bo Horvat wins face-off versus Nicklas Backstrom in neutral zone.
17:14 of 2nd period - Snap shot by Evander Kane.
17:14 of 2nd period - Stopped by Cory Schneider with a rebound.
17:50 of 2nd period - Icing by Ben Smith.
17:51 of 2nd period - Aleksander Barkov wins face-off versus Nicklas Backstrom in Maple Leafs zone.
18:22 of 2nd period - Slapshot by Aleksander Barkov.
18:22 of 2nd period - Shot Misses the Net.
18:24 of 2nd period - Slapshot by John Klingberg.
18:24 of 2nd period - Stopped by Cory Schneider without a rebound.
18:25 of 2nd period - Cody Hodgson wins face-off versus Evander Kane in Capitals zone.
18:31 of 2nd period - Minor Penalty to Andre Burakovsky for Hooking.
18:32 of 2nd period - Nicklas Backstrom wins face-off versus Bo Horvat in Maple Leafs zone.
18:44 of 2nd period - John Klingberg is hit by Patrick Kane and loses puck.
Goals for this period are 1 for Maple Leafs vs 1 for Capitals.
Shots for this period are 18 for Maple Leafs vs 9 for Capitals.
3rd period
0:01 of 3rd period - Bo Horvat wins face-off versus Taylor Hall in neutral zone.
0:31 of 3rd period - Penalty to Andre Burakovsky is over, Andre Burakovsky is back on ice.
0:36 of 3rd period - Snap shot by Cody Hodgson.
0:36 of 3rd period - Stopped by Pavel Francouz with a rebound.
0:52 of 3rd period - Snap shot by Jason Zucker.
0:52 of 3rd period - Stopped by Cory Schneider without a rebound.
0:53 of 3rd period - Nicklas Backstrom wins face-off versus Elias Pettersson in Capitals zone.
1:04 of 3rd period - Elias Pettersson is hit by Alexei Marchenko and loses puck.
1:11 of 3rd period - Brenden Dillon is hit by Patrick Kane and loses puck.
1:18 of 3rd period - Taylor Hall is hit by Pontus Aberg and loses puck.
1:32 of 3rd period - Icing by Alexei Marchenko.
1:33 of 3rd period - Bo Horvat wins face-off versus Nicklas Backstrom in Capitals zone.
1:36 of 3rd period - Wrist shot by Evander Kane.
1:36 of 3rd period - Stopped by Cory Schneider without a rebound.
1:37 of 3rd period - Cody Hodgson wins face-off versus Bo Horvat in Capitals zone.
1:42 of 3rd period - Evander Kane is hit by Cody Hodgson and loses puck.
2:13 of 3rd period - Mike Green is hit by John Klingberg.
2:29 of 3rd period - Snap shot by Taylor Hall.
2:29 of 3rd period - Stopped by Pavel Francouz without a rebound.
2:30 of 3rd period - Patrick Kane wins face-off versus Pontus Aberg in Maple Leafs zone.
2:37 of 3rd period - Wrist shot by Patrick Kane.
2:37 of 3rd period - Shot Misses the Net.
2:39 of 3rd period - Minor Penalty to Tye McGinn for Hooking.
2:40 of 3rd period - Bo Horvat wins face-off versus Patrick Kane in Maple Leafs zone.
3:11 of 3rd period - Slapshot by Brandon Gormley.
3:11 of 3rd period - Shot Blocked by Jason Zucker.
3:55 of 3rd period - Minor Penalty to Bobby Ryan for Hooking.
3:56 of 3rd period - Bo Horvat wins face-off versus Taylor Hall in Capitals zone.
4:03 of 3rd period - Wrist shot by Evander Kane.
4:03 of 3rd period - Stopped by Cory Schneider with a rebound.
4:12 of 3rd period - Bo Horvat is hit by Mike Green and loses puck.
4:39 of 3rd period - Penalty to Tye McGinn is over, Tye McGinn is back on ice.
5:55 of 3rd period - Penalty to Bobby Ryan is over, Bobby Ryan is back on ice.
5:57 of 3rd period - Bobby Ryan is hit by Brandon Saad.
6:03 of 3rd period - Wrist shot by Blake Pietila.
6:03 of 3rd period - Shot Blocked by Ben Smith.
6:05 of 3rd period - Snap shot by Bobby Ryan.
6:05 of 3rd period - Stopped by Pavel Francouz without a rebound.
6:06 of 3rd period - Cody Hodgson wins face-off versus Elias Pettersson in Maple Leafs zone.
6:32 of 3rd period - Minor Penalty to Joe Colborne for Hooking.
6:33 of 3rd period - Sergey Kalinin wins face-off versus Bo Horvat in Capitals zone.
7:32 of 3rd period - Brandon Gormley is hit by Luke Schenn and loses puck.
7:53 of 3rd period - Brandon Gormley is hit by Andre Burakovsky.
8:32 of 3rd period - Penalty to Joe Colborne is over, Joe Colborne is back on ice.
8:45 of 3rd period - Joe Colborne is hit by Evander Kane and loses puck.
9:15 of 3rd period - Martin Marincin is hit by Luke Schenn.
9:19 of 3rd period - Snap shot by Nicholas Baptiste.
9:19 of 3rd period - Deflect By Martin Marincin.
9:19 of 3rd period - Goal by Nicholas Baptiste - Maple Leafs : 3 - Capitals : 2.
9:20 of 3rd period - Elias Pettersson wins face-off versus Cody Hodgson in neutral zone.
9:31 of 3rd period - Snap shot by Blake Pietila.
9:31 of 3rd period - Shot Misses the Net.
9:33 of 3rd period - Slapshot by Shea Theodore.
9:33 of 3rd period - Shot Blocked by John Klingberg.
10:01 of 3rd period - Wrist shot by Elias Pettersson.
10:01 of 3rd period - Shot Misses the Net.
10:03 of 3rd period - Wrist shot by Elias Pettersson.
10:03 of 3rd period - Shot Misses the Net.
10:48 of 3rd period - Wrist shot by Brandon Gormley.
10:48 of 3rd period - Deflect By Jujhar Khaira.
10:48 of 3rd period - Stopped by Pavel Francouz with a rebound.
10:54 of 3rd period - Snap shot by Jujhar Khaira.
10:54 of 3rd period - Shot Misses the Net.
11:12 of 3rd period - Slapshot by John Klingberg.
11:12 of 3rd period - Deflect By Tye McGinn.
11:12 of 3rd period - Stopped by Cory Schneider with a rebound.
11:14 of 3rd period - Slapshot by Tye McGinn.
11:14 of 3rd period - Shot Misses the Net.
11:44 of 3rd period - Snap shot by Tye McGinn.
11:44 of 3rd period - Stopped by Cory Schneider without a rebound.
11:45 of 3rd period - Bo Horvat wins face-off versus Nicklas Backstrom in Capitals zone.
11:59 of 3rd period - Minor Penalty to Patrick Kane for Interference.
12:00 of 3rd period - Bo Horvat wins face-off versus Sergey Kalinin in Capitals zone.
13:00 of 3rd period - Wrist shot by Cody Hodgson.
13:00 of 3rd period - Shot Hit the Post.
13:29 of 3rd period - Jeff Skinner is hit by Andre Burakovsky and loses puck.
13:59 of 3rd period - Penalty to Patrick Kane is over, Patrick Kane is back on ice.
14:05 of 3rd period - Off-side.
14:06 of 3rd period - Nicklas Backstrom wins face-off versus Patrice Cormier in neutral zone.
14:11 of 3rd period - Wrist shot by Nicholas Baptiste.
14:11 of 3rd period - Shot Blocked by Martin Marincin.
14:13 of 3rd period - Snap shot by Patrice Cormier.
14:13 of 3rd period - Deflect By Brandon Saad.
14:13 of 3rd period - Stopped by Cory Schneider with a rebound.
14:15 of 3rd period - Snap shot by Brandon Saad.
14:15 of 3rd period - Shot Misses the Net.
14:46 of 3rd period - Bo Horvat is hit by Cody Hodgson and loses puck.
15:11 of 3rd period - Icing by Mike Green.
15:12 of 3rd period - Nicklas Backstrom wins face-off versus Aleksander Barkov in Capitals zone.
15:17 of 3rd period - Aleksander Barkov is hit by Mike Green and loses puck.
16:15 of 3rd period - Off-side.
16:16 of 3rd period - Aleksander Barkov wins face-off versus Nicklas Backstrom in neutral zone.
16:41 of 3rd period - Shea Theodore is hit by Brenden Dillon and loses puck.
17:01 of 3rd period - Shea Theodore is hit by Luke Schenn and loses puck.
17:26 of 3rd period - Snap shot by Taylor Hall.
17:26 of 3rd period - Shot Misses the Net.
17:28 of 3rd period - Slapshot by Brandon Burlon.
17:28 of 3rd period - Shot Blocked by Luke Schenn.
17:42 of 3rd period - Snap shot by Patrick Kane.
17:42 of 3rd period - Shot Blocked by Aleksander Barkov.
17:58 of 3rd period - Backhand shot by Jason Zucker.
17:58 of 3rd period - Stopped by Cory Schneider with a rebound.
18:00 of 3rd period - Slapshot by Haydn Fleury.
18:00 of 3rd period - Shot Misses the Net.
18:02 of 3rd period - Wrist shot by Jason Zucker.
18:02 of 3rd period - Shot Misses the Net.
18:14 of 3rd period - Snap shot by Ben Smith.
18:14 of 3rd period - Shot Misses the Net.
18:30 of 3rd period - Snap shot by Ben Smith.
18:30 of 3rd period - Deflect By Aleksander Barkov.
18:30 of 3rd period - Stopped by Cory Schneider with a rebound.
18:32 of 3rd period - Slapshot by Haydn Fleury.
18:32 of 3rd period - Stopped by Cory Schneider without a rebound.
18:33 of 3rd period - Sergey Kalinin wins face-off versus Pontus Aberg in Capitals zone.
18:33 of 3rd period - Sergey Kalinin is hit by Tye McGinn.
18:45 of 3rd period - Capitals, Cory Schneider is pulled from the net.
18:49 of 3rd period - Wrist shot by Jeff Skinner.
18:49 of 3rd period - Shot Blocked by Zach Werenski.
18:59 of 3rd period - Blake Pietila is hit by John Klingberg and loses puck.
19:05 of 3rd period - Off-side.
19:06 of 3rd period - Jacques Lemaire call a timeout for Capitals.
19:06 of 3rd period - Cody Hodgson wins face-off versus Bo Horvat in neutral zone.
19:09 of 3rd period - Wrist shot by Mike Green.
19:09 of 3rd period - Stopped by Pavel Francouz with a rebound.
19:19 of 3rd period - Wrist shot by Blake Pietila.
19:19 of 3rd period - Stopped by Pavel Francouz with a rebound.
19:21 of 3rd period - Wrist shot by Blake Pietila.
19:21 of 3rd period - Shot Misses the Net.
19:23 of 3rd period - Snap shot by Cody Hodgson.
19:23 of 3rd period - Shot Misses the Net.
19:25 of 3rd period - Snap shot by Cody Hodgson.
19:25 of 3rd period - Deflect By Bobby Ryan.
19:25 of 3rd period - Stopped by Pavel Francouz with a rebound.
19:27 of 3rd period - Snap shot by Cody Hodgson.
19:27 of 3rd period - Shot Blocked by Brenden Dillon.
19:43 of 3rd period - Wrist shot by Cody Hodgson.
19:43 of 3rd period - Stopped by Pavel Francouz with a rebound.
19:45 of 3rd period - Snap shot by Mike Green.
19:45 of 3rd period - Stopped by Pavel Francouz with a rebound.
19:47 of 3rd period - Wrist shot by Cody Hodgson.
19:47 of 3rd period - Shot Misses the Net.
19:49 of 3rd period - Snap shot by Bobby Ryan.
19:49 of 3rd period - Shot Misses the Net.
19:51 of 3rd period - Snap shot by Bobby Ryan.
19:51 of 3rd period - Shot Blocked by Bo Horvat.
19:55 of 3rd period - Snap shot by Blake Pietila.
19:55 of 3rd period - Stopped by Pavel Francouz without a rebound.
19:56 of 3rd period - Cody Hodgson wins face-off versus Bo Horvat in Maple Leafs zone.
Goals for this period are 1 for Maple Leafs vs 0 for Capitals.
Shots for this period are 10 for Maple Leafs vs 10 for Capitals.